cohdb
Replays
Latest Replays
All Replays
Popular Replays
Top Player Replays
Match Explorer
How It Works
Community
CoH3 Stats
Reddit
Sign in to upload your games and track your stats! →
Sign in with Steam
Match 40278887
Unlisted
Match 40278887
Overview
Messages
Build Orders
End
Construct Infanterie Kompanie
Grenadier Squad
GrW 34 Mortar Team
Grenadier Squad
Construct Panzergrenadier Kompanie
Panzergrenadier Squad
251 Medium Carrier
Panzergrenadier Officer Quarters
Selects Mechanized Battlegroup
Selects Mobile Repair Stations
Medical Bunker
Pak 40 Anti-tank Gun Team
Construct Panzer Kompanie
Selects Wespe Self-propelled Artillery
Wespe Self-propelled Artillery
Stoßtruppen Squad
Stoßtruppen Squad
Medical Bunker
Selects Raid Package
Panzer IV Medium Tank
Selects 8 Rad Armored Car
Selects UNKNOWN (2160084)
insane
Common folk
Cipher Esteria
HiddenJoker
Lynx
Henry Shi
Carecup
MY:OATZ
0
0
Comments
sign in to comment!
No comments posted yet!